 Dungeon Crawl Stone Soup version 0.31-a0-844-gdc52ec4e09 (webtiles) character file.

Game seed: 7517788937094017512

12671 Dittersdorf the Warrior (level 11, -4/82 HPs)
             Began as a Gargoyle Fighter on Sept 28, 2023.
             Was an Elder of Okawaru.
             Slain by a black mamba (11 damage)
             ... on level 1 of the Lair of Beasts.
             The game lasted 00:19:13 (12111 turns).

Dittersdorf the Warrior (Gargoyle Fighter)         Turns: 12111, Time: 00:19:13

Health: -4/82      AC: 26    Str: 23    XL:     11   Next: 97%
Magic:  10/11      EV:  7    Int: 10    God:    Okawaru [****..]
Gold:   1199       SH:  6    Dex:  9    Spells: 10/10 levels left

rFire   + . .        H - +3 flail
rCold   + . .        c - +0 buckler
rNeg    + . .        F - +0 plate armour
rPois   ∞            q - +0 hat
rElec   +            i - +0 cloak
rCorr   .            m - +0 pair of gloves
SInv    .            I - +0 pair of boots
Will    +....        (no amulet) Stlth
                     j - ring of protection from cold
HPRegen 0.33/turn    b - ring of Hutaom {rF+ Will+ Slay+3 Stlth+}
MPRegen 0.12/turn

%: no passive effects
@: no status effects
A: sickness immunity, AC +8, negative energy resistance 1, electricity
resistance, torment resistance 1, petrification resistance
a: Renounce Religion, Heroism, Finesse


You were on level 1 of the Lair of Beasts.
You worshipped Okawaru.
Okawaru was greatly pleased with you.
You visited 3 branches of the dungeon, and saw 12 of its levels.

You collected 1259 gold pieces.
You spent 60 gold pieces at shops.

Inventory:

Hand Weapons
 x - a +0 morningstar
 H - a +3 flail (weapon)
Missiles
 D - 3 darts of dispersal (quivered)
 G - a throwing net
Armour
 c - a +0 buckler (worn)
 i - a +0 cloak (worn)
 m - a +0 pair of gloves (worn)
 q - a +0 hat (worn)
 F - a +0 plate armour (worn)
 I - a +0 pair of boots (worn)
Jewellery
 b - the ring of Hutaom (right hand) {rF+ Will+ Slay+3 Stlth+}
   (You acquired it on level 6 of the Dungeon)

   [ring of willpower]

   Slay+3:    It affects your accuracy & damage with ranged weapons and melee
   (+3).
   rF+:       It protects you from fire.
   Will+:     It increases your willpower.
   Stlth+:    It makes you more stealthy.
 j - a ring of protection from cold (left hand)
 y - a ring of fire
 C - a ring of see invisible
Wands
 E - a wand of iceblast (4)
Scrolls
 d - 2 scrolls of enchant armour {unknown}
 e - 3 scrolls of fear {unknown}
 f - 3 scrolls of noise {unknown}
 h - 4 scrolls of revelation {unknown}
 k - a scroll of amnesia {unknown}
 l - 3 scrolls of teleportation
 r - a scroll of vulnerability {unknown}
 t - 2 scrolls of enchant weapon {unknown}
Potions
 a - a potion of invisibility
 g - 2 potions of enlightenment {unknown}
 n - 3 potions of heal wounds
 o - 4 potions of curing {unknown}
 p - 2 potions of cancellation
 s - a potion of mutation
 u - a potion of brilliance
 v - a potion of haste
 B - 2 potions of might


   Skills:
 + Level 15.5 Fighting
 + Level 8.3 Maces & Flails
 + Level 9.4 Armour
 + Level 9.4 Shields


You had 10 spell levels left.
You didn't know any spells.
Your spell library contained the following spells:

 Spells                   Type           Power      Damage    Failure   Level
 Necrotise                Necr           0%         1d4       99%         1
 Shock                    Conj/Air       0%         1d3       99%         1
 Wereblood                Tmut           0%         N/A       100%        2
 Ignite Poison            Fire/Tmut/Pois 0%         N/A       100%        3
 Sigil of Binding         Hex            0%         N/A       100%        3
 Swiftness                Air            0%         N/A       100%        3
 Vampiric Draining        Necr           0%         2d6       100%        3
 Airstrike                Air            0%         2d(0-16)  100%        4
 Dimensional Bullseye     Hex/Tloc       0%         N/A       100%        4
 Leda's Liquefaction      Hex/Erth       0%         N/A       100%        4
 Sticky Flame             Conj/Fire      0%         2d3       100%        4
 Agony                    Necr           0%         N/A       100%        5
 Borgnjor's Revivificati  Necr           0%         N/A       100%        8
 Ignition                 Fire           0%         3d3       100%        8
 Death's Door             Necr           0%         N/A       100%        9
 Sublimation of Blood     Necr           Unusable   N/A       N/A         2
 Call Canine Familiar     Summ           Unusable   N/A       N/A         3
 Haunt                    Necr/Summ      Unusable   N/A       N/A         7
 Summon Hydra             Summ           Unusable   N/A       N/A         7

Dungeon Overview and Level Annotations

Branches:
Dungeon (10/15)            Temple (1/1) D:6            Lair (1/5) D:8
    Orc (0/2) D:10

Altars:
Ashenzari
Cheibriados
Dithmenos
Elyvilon
Fedhas
Gozag
Hepliaklqana
Kikubaaqudgha
Makhleb
Nemelex Xobeh
Okawaru
Qazlal
Ru
Sif Muna
Trog
Uskayaw
Vehumet
Wu Jian
Xom
Yredelemnul
Zin
The Shining One

Shops:
D:1 :   D:3 *   D:7 !*

Annotations:
Temple 2 transporters


Innate Abilities, Weirdness & Mutations

You are immune to sickness and miasma.
Your stone body is resilient. (AC +8)
You are immune to poison.
You resist negative energy. (rN+)
You are resistant to electric shocks. (rElec)
You are resistant to unholy torment.
You are immune to petrification.


Message History

You kill the yak!
Okawaru accepts your kill.
You sock the yak!
The yak is moderately wounded.
You thump the yak!
The yak is severely wounded.
You block the yak's attack.
A black mamba comes into view.
The black mamba hisses angrily.
You sock the yak!
The yak is almost dead.
You block the yak's attack.
You bludgeon the yak!!
You kill the yak!
Okawaru accepts your kill.
You thump the yak!
The yak is moderately wounded.
You hit the yak but do no damage.
The yak is moderately wounded.
The yak barely misses you.
You sock the yak!
The yak is heavily wounded.
You block the black mamba's attack. The yak gores you but does no damage.
You barely miss the black mamba. The black mamba barely misses you.
You block the yak's attack.
The black mamba bites you but does no damage.
You thump the black mamba!
The black mamba is moderately wounded.
The black mamba bites you!
* * * LOW HITPOINT WARNING * * *
You sock the black mamba!
The black mamba is severely wounded.
You feel like a meek peon again.
The black mamba bites you but does no damage.
You block the yak's attack.
You miss the black mamba.
The black mamba is severely wounded.
The black mamba bites you but does no damage.
The yak closely misses you. The black mamba bites you!
You die...

..... #.Y...#.#......##
.... #.YYY.#...#.....#
... .####..#........###
..
.................#P#####
.
.....#####'##>..........
#...........#...........
#.........YY#...........
#........SYY#†..........
#...##.#.###@...........
.......S...#.######
(##########.### #.# #÷#
#..# ##.# #.# #.#


You could see a black mamba, 4 yaks and a water moccasin.

Vanquished Creatures
  A cyclops (D:10)
  A manticore (D:8)
  A gargoyle (D:10)
  A cane toad (Lair:1)
  A torpor snail (Lair:1)
  Maggie (D:7)
  A komodo dragon (Lair:1)
  A troll (D:7)
  2 hornets
  2 wyverns
  18 yaks
  A wraith (D:8)
  A steam dragon (D:8)
  Menkaure (D:6)
  A basilisk (Lair:1)
  An acid dragon (D:10)
  3 water moccasins
  Duvessa (D:6)
  A swamp drake (D:10)
  4 orc warriors
  3 ice beasts
  A sky beast (D:7)
  7 centaurs
  3 wolves (D:8)
  2 ogres
  2 kobold brigands
  2 phantoms
  3 bullfrogs
  A gnoll sergeant (D:7)
  3 scorpions
  6 wights
  Dowan (D:6)
  3 killer bees (D:9)
  An electric eel (D:8)
  2 howler monkeys (D:8)
  8 hounds
  8 orc priests
  2 gnoll boudas
  An iguana (D:4)
  2 sleepcaps
  7 orc wizards
  18 gnolls
  5 adders
  A shadow imp (D:7)
  A white imp (D:6)
  An ufetubus (D:5)
  5 worms
  5 dart slugs
  26 orcs
  6 ball pythons
  2 bats (D:1)
  2 endoplasms
  A giant cockroach (D:1)
  6 hobgoblins
  11 jackals
  15 kobolds
  A quokka (D:2)
  2 frilled lizards (D:1)
  2 goblins (D:2)
  3 rats
225 creatures vanquished.

Vanquished Creatures (others)
  A white imp (D:8)
  An orc (D:10)
2 creatures vanquished.

Grand Total: 227 creatures vanquished

Notes
Turn   | Place    | Note
-------+----------+-------------------------------------------
     0 | D:1      | Dittersdorf the Gargoyle Fighter began the quest for the
                  | Orb.
     0 | D:1      | Reached XP level 1. HP: 14/14 MP: 1/1
    84 | D:1      | Reached XP level 2. HP: 15/19 MP: 2/2
   122 | D:1      | Found Daiggu Daije's Book Emporium.
   728 | D:2      | Reached XP level 3. HP: 23/23 MP: 3/3
  1485 | D:3      | Found Seijabb's General Store.
  1545 | D:3      | Reached XP level 4. HP: 27/29 MP: 4/4
  2175 | D:4      | Noticed a scorpion
  2185 | D:3      | Reached skill level 4 in Fighting
  2280 | D:3      | Killed a scorpion
  2281 | D:3      | Reached XP level 5. HP: 26/33 MP: 5/5
  2464 | D:4      | Noticed a phantom
  2466 | D:4      | Found a radiant altar of Vehumet.
  2466 | D:4      | Found a hazy altar of Hepliaklqana.
  2497 | D:4      | Killed a phantom
  2498 | D:4      | Reached XP level 6. HP: 23/39 MP: 6/6
  2816 | D:4      | Reached skill level 5 in Fighting
  2816 | D:4      | Reached skill level 5 in Armour
  2816 | D:4      | Reached skill level 5 in Shields
  3132 | D:5      | Entered Level 5 of the Dungeon
  3138 | D:5      | Reached XP level 7. HP: 44/44 MP: 7/7
  3475 | D:5      | Found a hide-covered altar of Uskayaw.
  3561 | D:5      | Reached XP level 8. HP: 46/51 MP: 8/8
  3848 | D:6      | Identified a scroll of acquirement
  3848 | D:6      | Acquired the ring of Hutaom {rF+ Will+ Slay+3 Stlth+}
  3893 | D:5      | Reached skill level 6 in Fighting
  3971 | D:6      | Noticed Dowan
  3972 | D:6      | Noticed Duvessa
  3996 | D:6      | Killed Dowan
  3997 | D:6      | Reached skill level 5 in Maces & Flails
  4054 | D:6      | Killed Duvessa
  4579 | D:6      | Found a shadowy altar of Dithmenos.
  4709 | D:6      | Reached skill level 7 in Fighting
  4709 | D:6      | Reached XP level 9. HP: 49/57 MP: 9/9
  4966 | D:6      | Noticed Menkaure
  4978 | D:6      | Killed Menkaure
  5099 | D:6      | Found a white marble altar of Elyvilon.
  5099 | D:6      | Found a snail-covered altar of Cheibriados.
  5109 | D:6      | Reached skill level 14 in Fighting
  5109 | D:6      | Reached XP level 10. HP: 76/76 MP: 10/10
  5130 | D:6      | Found a staircase to the Ecumenical Temple.
  5144 | Temple   | Found a transporter.
  5144 | Temple   | Found a transporter.
  5144 | Temple   | Found a transporter.
  5144 | Temple   | Found a transporter.
  5144 | Temple   | Entered the Ecumenical Temple
  5156 | Temple   | Became a worshipper of Warmaster Okawaru
  5260 | D:7      | Noticed Maggie
  5290 | D:7      | Killed Maggie
  5437 | D:7      | Found a blossoming altar of Fedhas.
  5702 | D:7      | Acquired 533 gold pieces
  5717 | D:7      | Found Zin's Purification Station.
  5718 | D:7      | Found a glowing silver altar of Zin.
  6295 | D:7      | Found a sacrificial altar of Ru.
  6484 | D:7      | Found Icuih's Distillery.
  6490 | D:7      | Bought a potion of heal wounds for 60 gold pieces
  6790 | D:8      | Reached * piety under Okawaru
  6979 | D:8      | Found a broken altar of Ashenzari.
  6995 | D:8      | Noticed a manticore
  7323 | D:7      | Reached ** piety under Okawaru
  7741 | D:7      | Reached XP level 11. HP: 62/80 MP: 11/11
  8338 | D:8      | Killed a manticore
  8456 | D:8      | Found a staircase to the Lair.
  8565 | D:8      | Found a basalt altar of Yredelemnul.
  8907 | D:9      | Reached skill level 15 in Fighting
  9212 | D:9      | Found a sparkling altar of Nemelex Xobeh.
  9351 | D:9      | Found a shimmering blue altar of Sif Muna.
  9441 | D:9      | Reached *** piety under Okawaru
 10047 | D:10     | Entered Level 10 of the Dungeon
 10052 | D:10     | Identified the +0 ring mail "Hios" {Str+3}
 10347 | D:10     | Found a staircase to the Orcish Mines.
 10373 | D:10     | HP: 1/81 [orc warrior/+0 halberd (7)]
 10815 | D:10     | Noticed a cyclops
 10823 | D:10     | Killed a cyclops
 11673 | Lair:1   | Entered Level 1 of the Lair of Beasts
 11991 | Lair:1   | Reached **** piety under Okawaru
 12111 | Lair:1   | Slain by a black mamba

Illustrated notes

Levels and vault maps discovered:
D:1:      minmay_arrival_checkered_box, layout_rooms, serial_shops, shop,
          minmay_misc_feat_enclosed
D:2:      layout_loops_ring, grunt_ministairs_11
D:3:      layout_loops_ring, serial_shops, shop
D:4:      minmay_door_path, layout_basic,
          chequers_temple_overflow_statue_of_worship
D:5:      layout_loops_ring, mainiacjoe_overflow_boulevard
D:6:      layout_gridville, grunt_dithmenos_smoke, grunt_temple_overflow_open,
          temple_green, uniq_duvessa, uniq_menkaure
D:7:      layout_basic, fedhas_altar_3, nicolae_ru_path_of_blood, zin_purify,
          serial_shops, kennysheep_mini_moat, kb_lookout_dungeons_type,
          corexii_hall_statues_i, uniq_maggie
D:8:      layout_loops_ring, cheibrodos_ashenzari_chains,
          mainiacjoe_overflow_brackets, erik_lair_island, minmay_starry_boxes
D:9:      layout_basic, nemelex_spade_bored_becter,
          nicolae_sif_muna_little_library
D:10:     layout_small_grid, erik_orc_1, nicolae_wwwww
Temple:   hellmonk_temple_divided_pantheon
Lair:1:   dragon1_lemuel, layout_chaotic_city

Skill      XL: |  1  2  3  4  5  6  7  8  9 10 11 |
---------------+----------------------------------+-----
Fighting       | 4 5 7 14 15 | 15.5
Shields        | 4 5 7 8 9 |  9.4
Armour         | 4 5 7 8 9 |  9.4
Maces & Flails | 3 4 5 6 8 |  8.3

Action                     |  1- 3 |  4- 6 |  7- 9 | 10-12 || total
---------------------------+-------+-------+-------+-------++-------
  Melee: Flail             |   154 |   163 |   190 |   146 ||   653
         Morningstar       |       |       |       |   401 ||   401
  Throw: Dart              |       |       |    12 |     6 ||    18
 Invoke: Heroism           |       |       |       |     2 ||     2
    Use: Scroll            |       |       |     6 |    11 ||    17
         Potion            |       |       |     2 |     1 ||     3
   Stab: Confused          |       |       |       |     1 ||     1
 Armour: Scale mail        |    95 |   113 |       |       ||   208
         Chain mail        |       |       |   187 |   452 ||   639
         Plate armour      |       |       |       |    75 ||    75
  Dodge: Dodged            |    64 |    79 |    67 |   198 ||   408
  Block: Buckler           |    29 |    33 |    57 |   134 ||   253

Table legend: (Time is in decaauts)
 A = Elapsed time spent in this place.
 B = Non-inter-level travel time spent in this place.
 C = Inter-level travel time spent in this place.
 D = Time resting spent in this place.
 E = Time spent auto-exploring this place.
 F = Levels seen in this place.
 G = Mean time per level.
                   A        B        C        D        E       F      G
               +--------+--------+--------+--------+--------+-----+--------+
         Total |  12333 |  11857 |    476 |   2909 |   6553 |  12 | 1027.8 |
       Dungeon |  11860 |  11406 |    454 |   2661 |   6522 |  10 | 1186.0 |
        Temple |     28 |      7 |     21 |      0 |      0 |   1 |   28.0 |
          Lair |    444 |    444 |      0 |    248 |     31 |   1 |  444.0 |
               +--------+--------+--------+--------+--------+-----+--------+

Top non-repeatable levels by time:
     D:8: 2254 daAuts
     D:7: 1601 daAuts
    D:10: 1597 daAuts
     D:6: 1202 daAuts
     D:2: 1065 daAuts
     D:9: 1035 daAuts
     D:5: 936 daAuts
     D:3: 906 daAuts
     D:4: 860 daAuts
  Lair:1: 444 daAuts
     D:1: 400 daAuts
  Temple: 28 daAuts
